 Dungeon Crawl Stone Soup version 0.32-a0-120-gfac0567ad4 (webtiles) character file.

Game seed: 12931065193556881197

310 Sobieck the Insei (level 6, -4/53 HPs)
             Began as a Gnoll Monk on Feb 6, 2024.
             Slain by an ogre
             ... wielding a +0 giant club
              (30 damage)
             ... on level 3 of the Dungeon.
             The game lasted 00:02:33 (1848 turns).

Sobieck the Insei (Gnoll Monk)                      Turns: 1848, Time: 00:02:34

Health: -4/53      AC:  6    Str: 11    XL:     6   Next: 41%
Magic:  9/9        EV: 13    Int: 11    God:
Gold:   198        SH:  0    Dex: 14    Spells: 9/9 levels left

rFire   . .          .
                       - Unarmed
rCold   . . .        c - orb {light}
rNeg    . . .        r - +0 ring mail
rPois   .            g - +0 helmet
rElec   .            (no cloak)
rCorr   .            (no gloves)
SInv    .            (no boots)
Will    .....        (no amulet)
Stlth   +            (no ring)
HPRegen 0.28/turn    (no ring)
MPRegen 0.11/turn

%: no passive effects
@: glowing
A: fangs 1, strong nose, distributed training
a: no special abilities


You were on level 3 of the Dungeon.
You visited 1 branch of the dungeon, and saw 3 of its levels.
You also visited: Sewer.

You collected 198 gold pieces.

Inventory:

Missiles
 k - 40 stones (quivered)
Armour
 a - a +0 robe
 c - an orb of light (worn)
 g - a +0 helmet (worn)
 r - a +0 ring mail (worn)
Jewellery
 i - a ring of wizardry
Talismans
 l - a serpent talisman
Scrolls
 f - a scroll of acquirement {unknown}
 j - 4 scrolls of identify {unknown}
 m - a scroll of enchant weapon {unknown}
 n - a scroll of enchant armour {unknown}
 o - a scroll of immolation {unknown}
 q - a scroll of vulnerability {unknown}
 s - a scroll of amnesia {unknown}
 t - a scroll of teleportation {unknown}
 w - 3 scrolls of brand weapon {unknown}
Potions
 b - a potion of ambrosia
 d - a potion of degeneration {unknown}
 e - a potion of brilliance {unknown}
 h - a potion of haste {unknown}
 p - a potion of heal wounds {unknown}
 u - a potion of curing {unknown}
 v - a potion of berserk rage


   Skills:
 + Level 6.8 Fighting
 + Level 2.0 Short Blades
 + Level 2.0 Long Blades
 + Level 2.0 Axes
 + Level 2.0 Maces & Flails
 + Level 2.0 Polearms
 + Level 2.0 Staves
 + Level 2.0 Ranged Weapons
 + Level 2.0 Throwing
 + Level 2.0 Armour
 + Level 6.8 Dodging
 + Level 2.0 Stealth
 + Level 2.0 Shields
 + Level 6.8 Unarmed Combat
 + Level 2.0 Spellcasting
 + Level 1.6 Conjurations
 + Level 1.6 Hexes
 + Level 1.6 Summonings
 + Level 1.6 Necromancy
 + Level 1.6 Translocations
 + Level 1.6 Fire Magic
 + Level 1.6 Ice Magic
 + Level 1.6 Air Magic
 + Level 1.6 Earth Magic
 + Level 1.6 Alchemy
 + Level 2.2 Invocations
 + Level 2.0 Evocations
 + Level 1.8 Shapeshifting


You had 9 spell levels left.
You didn't know any spells.
Your spell library contained the following spells:

 Spells                   Type           Power      Damage    Failure   Level
 Fugue of the Fallen      Necr           4%         N/A       71%         3
 Hailstorm                Conj/Ice       4%         3d5       71%         3
 Ozocubu's Armour         Ice            4%         N/A       71%         3
 Summon Ice Beast         Ice/Summ       4%         N/A       71%         3
 Manifold Assault         Tloc           4%         N/A       98%         4
 Sculpt Simulacrum        Ice/Alch       2%         N/A       100%        6


Dungeon Overview and Level Annotations

Branches:
Dungeon (3/15)              Sewer (visited)

Altars:


Innate Abilities, Weirdness & Mutations

You have very sharp teeth.
Your uncanny sense of smell can sniff out nearby items.
Your experience applies equally to all skills.


Message History

Your Ranged Weapons skill increases to level 2!
Your Throwing skill increases to level 2!
Your Armour skill increases to level 2!
Your Stealth skill increases to level 2!
Your Shields skill increases to level 2!
Your Spellcasting skill increases to level 2!
Your Evocations skill increases to level 2!
The orc priest closely misses you.
Things that are here:
a +0 club; a +0 robe You punch the orc priest!
The orc priest is heavily wounded.
The orc priest casts a cantrip, but nothing happens.
The quokka bites you but does no damage.
You hit the orc priest.
The orc priest is heavily wounded.
The quokka bites you. The orc priest misses you.
You punch the orc priest!
You kill the orc priest!
The quokka bites you but does no damage.
You punch the orc!
You kill the orc!
The quokka closely misses you.
You punch the quokka!
You kill the quokka!
No target in view!
No target in view!
Things that are here:
a +0 short sword; an orc corpse An ogre comes into view.
It is wielding a +0 giant club.
The ogre shouts!
You hear a shout!
An orc comes into view. It is wielding a +0 club.
Unknown command.
Things that are here:
a +0 short sword; an orc corpse
Things that are here:
a +0 club; a +0 robe You throw a stone.
The stone hits the ogre but does no damage.
You hit the ogre but do no damage.
The ogre hits you with a +0 giant club!!
* * * LOW HITPOINT WARNING * * *
You are too injured to fight recklessly!
You are too injured to fight recklessly!
Unknown command.
You hit the ogre.
The ogre is lightly wounded.
The ogre hits you with a +0 giant club!!
Ouch! That really hurt!
You die...

#..#.# .## ### .# #..... ..
..# #.# ##.### ## #.# #.#
###.# ##+# #..##..##.#
#...# ##...## .......o#.#
#...# ##.....# #.....#.#
...## ##.......
#.ß).#)#####...####........
#....))oO@.......+........
##...†#####...####......⌠.
##.### #..## #....... #.#
#.## ##...... #.#######.###
##....# #..#........#
##'### #....####.#.# #.#
..# #..#.# #.# #.###.##.#
##.##


You could see an ogre and an orc.

Vanquished Creatures
  A crocodile (Sewer)
  A brain worm (Sewer)
  An orc priest (D:3)
  Terence (D:2)
  An orc wizard (D:3)
  2 adders (D:2)
  A ribbon worm (D:2)
  A dart slug (D:2)
  An orc (D:3)
  2 ball pythons
  6 endoplasms
  2 giant cockroaches (D:3)
  6 goblins
  7 hobgoblins
  5 jackals
  6 quokkas
  7 bats
  4 frilled lizards
  4 kobolds
  A rat (D:1)
60 creatures vanquished.

Notes
Turn   | Place    | Note
-------+----------+-------------------------------------------
     0 | D:1      | Sobieck the Gnoll Monk began the quest for the Orb.
     0 | D:1      | Reached XP level 1. HP: 23/23 MP: 1/1
   188 | D:1      | Reached XP level 2. HP: 24/29 MP: 2/2
   884 | D:2      | Reached XP level 3. HP: 35/35 MP: 3/3
  1027 | D:2      | Reached skill level 1 in Invocations
  1141 | D:2      | Reached skill level 1 in Short Blades
  1141 | D:2      | Reached skill level 1 in Long Blades
  1141 | D:2      | Reached skill level 1 in Axes
  1141 | D:2      | Reached skill level 1 in Maces & Flails
  1141 | D:2      | Reached skill level 1 in Polearms
  1141 | D:2      | Reached skill level 1 in Staves
  1141 | D:2      | Reached skill level 1 in Ranged Weapons
  1141 | D:2      | Reached skill level 1 in Throwing
  1141 | D:2      | Reached skill level 1 in Armour
  1141 | D:2      | Reached skill level 1 in Stealth
  1141 | D:2      | Reached skill level 1 in Shields
  1141 | D:2      | Reached skill level 1 in Spellcasting
  1141 | D:2      | Reached skill level 1 in Evocations
  1218 | D:2      | Reached skill level 1 in Shapeshifting
  1218 | D:2      | Reached XP level 4. HP: 40/41 MP: 5/5
  1307 | D:2      | Noticed Terence
  1315 | D:2      | Killed Terence
  1316 | D:2      | Reached skill level 1 in Conjurations
  1316 | D:2      | Reached skill level 1 in Hexes
  1316 | D:2      | Reached skill level 1 in Summonings
  1316 | D:2      | Reached skill level 1 in Necromancy
  1316 | D:2      | Reached skill level 1 in Translocations
  1316 | D:2      | Reached skill level 1 in Fire Magic
  1316 | D:2      | Reached skill level 1 in Ice Magic
  1316 | D:2      | Reached skill level 1 in Air Magic
  1316 | D:2      | Reached skill level 1 in Earth Magic
  1316 | D:2      | Reached skill level 1 in Alchemy
  1557 | D:3      | Found a glowing drain.
  1582 | Sewer    | Entered a sewer
  1602 | Sewer    | Noticed a brain worm
  1609 | Sewer    | Killed a brain worm
  1610 | Sewer    | Reached XP level 5. HP: 47/47 MP: 5/7
  1632 | Sewer    | Noticed a crocodile
  1654 | Sewer    | Killed a crocodile
  1655 | Sewer    | Reached XP level 6. HP: 29/53 MP: 8/8
  1848 | D:3      | Slain by an ogre

Illustrated notes

Levels and vault maps discovered:
D:1:      saegor_arrival_miasma, layout_loops_corners
D:2:      layout_basic, uniq_terence
D:3:      layout_loops_corners, nicolae_overflow_ecumenical_swirl,
          portal_sewer_entry_f, gammafunk_ghost_grave,
          nicolae_concentric_dashed_squares_wild, solitary_fountain

Skill      XL: |  1  2  3  4  5  6 |
---------------+-------------------+-----
Invocations    | 1 2 |  2.2
Short Blades   | 1 2 |  2.0
Long Blades    | 1 2 |  2.0
Axes           | 1 2 |  2.0
Maces & Flails | 1 2 |  2.0
Polearms       | 1 2 |  2.0
Staves         | 1 2 |  2.0
Ranged Weapons | 1 2 |  2.0
Throwing       | 1 2 |  2.0
Armour         | 1 2 |  2.0
Stealth        | 1 2 |  2.0
Shields        | 1 2 |  2.0
Spellcasting   | 1 2 |  2.0
Evocations     | 1 2 |  2.0
Shapeshifting  | 1 |  1.8
Conjurations   | 1 |  1.6
Hexes          | 1 |  1.6
Summonings     | 1 |  1.6
Necromancy     | 1 |  1.6
Translocations | 1 |  1.6
Fire Magic     | 1 |  1.6
Ice Magic      | 1 |  1.6
Air Magic      | 1 |  1.6
Earth Magic    | 1 |  1.6
Alchemy        | 1 |  1.6
Fighting       | |  6.8
Dodging        | |  6.8
Unarmed Combat | |  6.8

Action                     |  1- 3 |  4- 6 || total
---------------------------+-------+-------++-------
  Melee: Unarmed           |    81 |    71 ||   152
         Bite              |     7 |     9 ||    16
  Throw: Stone             |       |     1 ||     1
 Armour: Robe              |    16 |       ||    16
         Ring mail         |    13 |    30 ||    43
  Dodge: Dodged            |    49 |    38 ||    87

Table legend: (Time is in decaauts)
 A = Elapsed time spent in this place.
 B = Non-inter-level travel time spent in this place.
 C = Inter-level travel time spent in this place.
 D = Time resting spent in this place.
 E = Time spent auto-exploring this place.
 F = Levels seen in this place.
 G = Mean time per level.
                   A        B        C        D        E       F      G
               +--------+--------+--------+--------+--------+-----+--------+
         Total |   1834 |   1756 |     78 |    110 |   1288 |   4 |  458.5 |
       Dungeon |   1639 |   1561 |     78 |     11 |   1247 |   3 |  546.3 |
         Sewer |    194 |    194 |      0 |     99 |     41 |   1 |  194.0 |
               +--------+--------+--------+--------+--------+-----+--------+

Top non-repeatable levels by time:
     D:1: 872 daAuts
     D:2: 616 daAuts
   Sewer: 194 daAuts
     D:3: 151 daAuts
